 Dungeon Crawl Stone Soup version 0.29-a0-409-gd843f3a (webtiles) character file.

Game seed: 3810734657193800362

186 Illumine the Bolt Thrower (level 5, 0/30 HPs)
             Began as a Kobold Arcane Marksman on May 12, 2022.
             Slain by Natasha (8 damage)
             ... on level 2 of the Dungeon.
             The game lasted 00:06:02 (2800 turns).

Illumine the Bolt Thrower (Kobold Arcane Marksman)  Turns: 2800, Time: 00:06:03

Health: 0/30       AC:  2    Str:  9    XL:     5   Next: 97%
Magic:  8/8        EV: 19    Int: 19    God:
Gold:   159        SH:  0    Dex: 16    Spells: 3/8 levels left

rFire   . . .      SeeInvis .   b - +5 quarterstaff of Illumine's Death {drain, Int+5}
rCold   . . .      Faith    .   (shield currently unavailable)
rNeg    . . .      Spirit   .   i - +0 robe
rPois   .          Reflect  .   (no helmet)
rElec   .          Harm     .   (no cloak)
rCorr   .          Rampage  .   (no gloves)
Will    .....                   (no boots)
Stlth   +++.......              (no amulet)
HPRegen 0.10/turn               g - +4 ring of evasion
MPRegen 0.11/turn               (no ring)

@: no status effects
A: small, no large weapons, nightstalker 3
a: no special abilities


You were on level 2 of the Dungeon.
You visited 1 branch of the dungeon, and saw 3 of its levels.

You collected 159 gold pieces.

Inventory:

Hand Weapons
 a - a +0 hand crossbow
 b - the +5 quarterstaff of Illumine's Death (weapon) {drain, Int+5}
   (You found it on level 3 of the Dungeon)

   A truly terrible weapon, it drains the life of any living foe it strikes.
   Int:       It affects your intelligence (+5).
Armour
 i - a +0 robe (worn)
Jewellery
 g - a +4 ring of evasion (left hand)
Scrolls
 c - a scroll of vulnerability
 d - a scroll of noise {unknown}
 e - a scroll of identify {unknown}
 h - 2 scrolls of fear {unknown}
 j - a scroll of fog {unknown}
 k - a scroll of poison {unknown}
 l - a scroll of blinking {unknown}
 n - a scroll of immolation {unknown}
 o - a scroll of magic mapping {unknown}
 p - a scroll of teleportation {unknown}
 q - a scroll of amnesia {unknown}
Potions
 f - a potion of curing {unknown}
 m - a potion of resistance {unknown}


   Skills:
 + Level 1.8 Fighting
 * Level 1.8 Staves
 - Level 4.0 Crossbows
 + Level 3.6 Dodging
 - Level 2.1 Stealth
 + Level 2.0 Spellcasting
 - Level 3.0 Hexes
 + Level 1.5 Translocations


You had 3 spell levels left.
You knew the following spells:

 Your Spells              Type           Power      Damage    Failure   Level
a - Slow                  Hex            52%        N/A       4%          1
b - Portal Projectile     Hex/Tloc       20%        N/A       21%         3
c - Apportation           Tloc           14%        N/A       9%          1

Your spell library contained the following spells:

 Spells                   Type           Power      Damage    Failure   Level
 Inner Flame              Hex/Fire       7%         N/A       26%         3
 Cause Fear               Hex            6%         N/A       43%         4
 Alistair's Intoxication  Tmut/Pois      0%         N/A       99%         5
 Blade Hands              Tmut           0%         N/A       99%         5
 Excruciating Wounds      Necr           0%         N/A       99%         5


Dungeon Overview and Level Annotations

Branches:
Dungeon (3/15)

Altars:
Yredelemnul

Annotations:
D:2 1 runed translucent door, Crazy Yiuf, Natasha


Innate Abilities, Weirdness & Mutations

You are small and have problems with some larger weapons.
You are completely attuned to the shadows.


Message History

Found 5 large rocks.
Found a runed translucent door.
Found a mace.
Could not explore, unopened runed door.
There is a stone staircase leading down here.
Level map cleared.
You see here a +0 mace.
Things that are here:
a +0 robe; a human skeleton Natasha, Servant of Life and Death comes into view.
She is carrying a wand of flame (25).
Shoot: a) +0 hand crossbow
Press: ? - help, Q - select action, (/) - cycle Shift-Dir - straight line, f - Natasha
Aim: Natasha, carrying a wand of flame (25) (wandering, hasn't noticed you, 56% to hit)
You shoot a bolt.
Natasha hisses angrily.
The bolt hits Natasha.
Natasha is lightly wounded.
Natasha casts a spell at you. The magic dart hits you!
Shoot: a) +0 hand crossbow
Press: ? - help, Q - select action, (/) - cycle Shift-Dir - straight line, f/p - Natasha
Aim: Natasha, carrying a wand of flame (25) (lightly wounded, 56% to hit)
You shoot a bolt. The bolt hits Natasha.
Natasha is lightly wounded.
Unknown command.
You feel clever.
You sense an unholy aura.
b - the +5 quarterstaff of Illumine's Death (weapon)
{drain, Int+5} Natasha zaps a wand.
The puff of flame hits you!
You sock Natasha!
Natasha is severely wounded.
Natasha zaps a wand.
The puff of flame hits you.
* * * LOW HITPOINT WARNING * * *
You closely miss Natasha.
Natasha is severely wounded.
Natasha zaps a wand.
The puff of flame misses you.
You closely miss Natasha.
Natasha is severely wounded.
Natasha claws you!
You die...

,**,,*,,**,,,,,......#....## *,..
,,**,*,,,,,),,,.....#####P.##*...
**,*,*,***,,,,,.....#*......##...
**,,*,***,,,.###...#*...........
**,*,,**,,........#*...###.#...
**,,,,,,,...(....#*...* #.#...
**,****,........#*..,* #)..## ***
*,^.....###**,***##..# *,...h@.#
*†,,,,#..# *,......# *,,,,,+.>#
*,......# **,,,,#### *,..(...#
*,,,,* **####### *,,,,* *,,,,*
******


You could see Natasha.

Vanquished Creatures
  Natasha (twice) (D:2)
  An iguana (D:2)
  A gnoll (D:1)
  3 adders
  A worm (D:2)
  2 dart slugs
  3 bats
  8 endoplasms
  A giant cockroach (D:2)
  5 hobgoblins
  11 jackals
  2 quokkas (D:1)
  6 ball pythons
  3 frilled lizards
  4 goblins
  5 kobolds
  8 rats
66 creatures vanquished.

Vanquished Creatures (others)
  3 fungi (D:2)
  2 plants (D:2)
5 creatures vanquished.

Grand Total: 71 creatures vanquished

Notes
Turn   | Place    | Note
-------+----------+-------------------------------------------
     0 | D:1      | Illumine the Kobold Arcane Marksman began the quest for the
                  | Orb.
     0 | D:1      | Reached XP level 1. HP: 12/12 MP: 2/2
   117 | D:1      | Reached skill level 3 in Crossbows
   129 | D:1      | Reached XP level 2. HP: 16/16 MP: 3/3
   408 | D:1      | You fall into a shaft and drop 1 floor!
   470 | D:3      | Reached XP level 3. HP: 10/20 MP: 2/4
   638 | D:3      | Identified the +5 quarterstaff of Illumine's Death {drain,
                  | Int+5}
   644 | D:3      | Learned a level 3 spell: Portal Projectile
  1038 | D:3      | Found a basalt altar of Yredelemnul.
  1228 | D:2      | Reached skill level 1 in Stealth
  1402 | D:1      | Reached XP level 4. HP: 25/25 MP: 6/6
  1929 | D:1      | Reached skill level 4 in Crossbows
  2036 | D:1      | Reached skill level 1 in Translocations
  2156 | D:2      | Learned a level 1 spell: Apportation
  2185 | D:2      | Reached skill level 1 in Staves
  2212 | D:2      | Reached XP level 5. HP: 26/29 MP: 7/7
  2435 | D:2      | Noticed Natasha
  2441 | D:2      | Killed Natasha
  2499 | D:2      | Noticed Natasha
  2507 | D:2      | Killed Natasha
  2677 | D:2      | Found a faded altar of an unknown god.
  2726 | D:2      | Found a runed translucent door.
  2729 | D:2      | Noticed Crazy Yiuf
  2771 | D:2      | Found a faded altar of an unknown god.
  2794 | D:2      | Noticed Natasha
  2800 | D:2      | Slain by Natasha

Illustrated notes

Levels and vault maps discovered:
D:1:      minmay_arrival_wavy_path, layout_loops_ring
D:2:      layout_basic, dreamdust_ecumenical_altar_hidden_monk_grotto,
          minmay_cut_off, uniq_crazy_yiuf_cottage, uniq_natasha
D:3:      layout_loops_ring, mainiacjoe_overflow_catwalk,
          chequers_temple_overflow_statue_of_worship, feat_on_display

Skill      XL: |  1  2  3  4  5 |
---------------+----------------+-----
Crossbows      | 3 4 |  4.0
Dodging        | 3 |  3.6
Stealth        | 1 2 |  2.1
Translocations | 1 |  1.5
Staves         | 1 |  1.8
Spellcasting   | 2 |  2.0
Fighting       | |  1.8
Hexes          | |  3.0

Action                   |  1- 3 |  4- 6 || total
-------------------------+-------+-------++-------
Melee: Quarterstaff      |       |    50 ||    50
 Fire: Hand crossbow     |    88 |    43 ||   131
 Cast: Slow              |     1 |     1 ||     2
 Stab: Sleeping          |       |     5 ||     5
Armor: Robe              |     8 |     3 ||    11
Dodge: Dodged            |    79 |    49 ||   128

Table legend: (Time is in decaauts)
 A = Elapsed time spent in this place.
 B = Non-inter-level travel time spent in this place.
 C = Inter-level travel time spent in this place.
 D = Time resting spent in this place.
 E = Time spent auto-exploring this place.
 F = Levels seen in this place.
 G = Mean time per level.
                   A        B        C        D        E       F      G
               +--------+--------+--------+--------+--------+-----+--------+
         Total |   2846 |   2814 |     32 |   1092 |   1139 |   3 |  948.7 |
       Dungeon |   2846 |   2814 |     32 |   1092 |   1139 |   3 |  948.7 |
               +--------+--------+--------+--------+--------+-----+--------+

Top non-repeatable levels by time:
     D:1: 1172 daAuts
     D:2: 933 daAuts
     D:3: 740 daAuts
